TOP OF THE 1ST |
Alloway Halberds batting - Pitching for Salt Lake City Buzz : RHP Don Cunningham
|
Pitching: RHP Don Cunningham
|
|
Batting: RHB Daniel Molina
|
0-0: Ball 1-0: Ball 2-0: Called Strike 2-1: Swinging Strike 2-2: Ground out 5-3 (Groundball, 56)
|
Batting: RHB Bill Stewart
|
0-0: Ball 1-0: Called Strike 1-1: Ball 2-1: Foul Ball, location: 2F 2-2: Fly out, F3 (Popup, 3F)
|
Batting: RHB Jonathan Cundall
|
0-0: Swinging Strike 0-1: Foul Ball, location: 2F 0-2: SINGLE (Line Drive, 4D)
|
Batting: LHB Mathew Rose
|
0-0: Ground out 4-3 (Groundball, 4)
|
Top of the 1st over - 0 run(s), 1 hit(s), 0 error(s), 1 left on base; Alloway 0 - Salt Lake City 0 |
BOTTOM OF THE 1ST |
Salt Lake City Buzz batting - Pitching for Alloway Halberds : RHP José Alfonzo
|
Pitching: RHP José Alfonzo
|
|
Batting: RHB Roberto Ríos
|
0-0: Foul Ball, location: 2F 0-1: Ball 1-1: Ground out 5-3 (Groundball, 56S)
|
Batting: RHB Clint Anthony
|
0-0: Ball 1-0: Ball 2-0: Ball 3-0: Base on Balls
|
Batting: SHB Raymond Bright
|
0-0: Called Strike 0-1: Ball 1-1: Fielders Choice at 2nd, 4-6 (Groundball, 34)
|
Batting: LHB Martín Núñes
|
0-0: Ball 1-0: SINGLE (Line Drive, 34) Raymond Bright to second
|
Batting: SHB Wayne Saunders
|
0-0: Ball 1-0: Ball 2-0: Foul Ball, location: 2F 2-1: Ball 3-1: Fly out, F7 (Flyball, 78D)
|
Bottom of the 1st over - 0 run(s), 1 hit(s), 0 error(s), 2 left on base; Alloway 0 - Salt Lake City 0 |
TOP OF THE 2ND |
Alloway Halberds batting - Pitching for Salt Lake City Buzz : RHP Don Cunningham
|
Batting: RHB Juan Martínez
|
0-0: Ball 1-0: Called Strike 1-1: Ball 2-1: Ball 3-1: SINGLE (Flyball, 9S)
|
Batting: RHB Orlando López
|
0-0: Called Strike 0-1: Ball 1-1: Grounds into double play, U4-3 (Groundball, 4M)
|
Batting: RHB Mark Davis
|
0-0: Ball 1-0: Called Strike 1-1: Foul Ball, location: 2F 1-2: Foul Ball, location: 2F 1-2: Ball 2-2: Ball 3-2: DOUBLE (Flyball, 7D)
|
Batting: LHB Kenji Takahashi
|
0-0: Fly out, F9 (Flyball, 89M)
|
Top of the 2nd over - 0 run(s), 2 hit(s), 0 error(s), 1 left on base; Alloway 0 - Salt Lake City 0 |
BOTTOM OF THE 2ND |
Salt Lake City Buzz batting - Pitching for Alloway Halberds : RHP José Alfonzo
|
Batting: RHB Don MacNeilage
|
0-0: Ground out 4-3 (Groundball, 4M)
|
Batting: RHB Jim Coffey
|
0-0: Called Strike 0-1: Foul Ball, location: 2F 0-2: Strikes out swinging
|
Batting: RHB Patrick Clark
|
0-0: Ball 1-0: Ground out 5-3 (Groundball, 5L)
|
Bottom of the 2nd over - 0 run(s), 0 hit(s), 0 error(s), 0 left on base; Alloway 0 - Salt Lake City 0 |
TOP OF THE 3RD |
Alloway Halberds batting - Pitching for Salt Lake City Buzz : RHP Don Cunningham
|
Batting: RHB Mike Davis
|
0-0: Ball 1-0: Foul Ball, location: 2F 1-1: Ball 2-1: Ball 3-1: SINGLE (Line Drive, 7S)
|
Batting: RHB Daniel Molina
|
0-0: Ball 1-0: Ball 2-0: 2-RUN HOME RUN (Flyball, 8LD), Distance : 447 ft
|
Batting: RHB Bill Stewart
|
0-0: Fly out, F4 (Popup, 4M)
|
Batting: RHB Jonathan Cundall
|
0-0: Called Strike 0-1: Foul Ball, location: 2F 0-2: Ball 1-2: Fly out, F8 (Flyball, 8LM)
|
Batting: LHB Mathew Rose
|
0-0: Called Strike 0-1: Foul Ball, location: 2F 0-2: Strikes out swinging
|
Top of the 3rd over - 2 run(s), 2 hit(s), 0 error(s), 0 left on base; Alloway 2 - Salt Lake City 0 |
BOTTOM OF THE 3RD |
Salt Lake City Buzz batting - Pitching for Alloway Halberds : RHP José Alfonzo
|
Batting: SHB Shelby Reusch
|
0-0: Ball 1-0: Swinging Strike 1-1: Called Strike 1-2: Ball 2-2: SINGLE (Groundball, 3D)
|
Batting: RHB Roberto Ríos
|
Pickoff Throw to First - Error! E1 Shelby Reusch to second 0-0: Ball 1-0: Fly out, F9 (Flyball, 89M)
|
Batting: RHB Clint Anthony
|
0-0: Ball 1-0: Foul Ball, location: 2F 1-1: Foul Ball, location: 2F 1-2: Ball 2-2: Foul Ball, location: 2F 2-2: Fly out, F7 (Flyball, 78M)
|
Batting: SHB Raymond Bright
|
0-0: Ground out 4-3 (Groundball, 34)
|
Bottom of the 3rd over - 0 run(s), 1 hit(s), 1 error(s), 1 left on base; Alloway 2 - Salt Lake City 0 |
TOP OF THE 4TH |
Alloway Halberds batting - Pitching for Salt Lake City Buzz : RHP Don Cunningham
|
Batting: RHB Juan Martínez
|
0-0: Swinging Strike 0-1: Swinging Strike 0-2: Ball 1-2: Ball 2-2: Strikes out swinging
|
Batting: RHB Orlando López
|
0-0: Ball 1-0: Ball 2-0: Ball 3-0: Base on Balls
|
Batting: RHB Mark Davis
|
0-0: Called Strike 0-1: Ball 1-1: Foul Ball, location: 2F 1-2: Ball Orlando López steals 2nd base 2-2: Foul Ball, location: 2F 2-2: Ball 3-2: Foul Ball, location: 2F 3-2: Foul Ball, location: 2F 3-2: Base on Balls
|
Batting: LHB Kenji Takahashi
|
0-0: Called Strike 0-1: Ball 1-1: Called Strike 1-2: Strikes out swinging
|
Batting: RHB Mike Davis
|
0-0: Foul Ball, location: 2F 0-1: Swinging Strike 0-2: Strikes out swinging
|
Top of the 4th over - 0 run(s), 0 hit(s), 0 error(s), 2 left on base; Alloway 2 - Salt Lake City 0 |
BOTTOM OF THE 4TH |
Salt Lake City Buzz batting - Pitching for Alloway Halberds : RHP José Alfonzo
|
Batting: LHB Martín Núñes
|
0-0: Ball 1-0: Fly out, F5 (Popup, 5)
|
Batting: SHB Wayne Saunders
|
0-0: Foul Ball, location: 2F 0-1: Hit by Pitch
|
Batting: RHB Don MacNeilage
|
0-0: Grounds into double play, 6-4-3 (Groundball, 6M)
|
Bottom of the 4th over - 0 run(s), 0 hit(s), 0 error(s), 0 left on base; Alloway 2 - Salt Lake City 0 |
TOP OF THE 5TH |
Alloway Halberds batting - Pitching for Salt Lake City Buzz : RHP Don Cunningham
|
Batting: RHB Daniel Molina
|
0-0: Called Strike 0-1: Bunt for hit - play at first, batter safe!
|
Batting: RHB Bill Stewart
|
0-0: Ball 1-0: Reached on error, E3 (Groundball, 3S) Daniel Molina to second
|
Batting: RHB Jonathan Cundall
|
0-0: Ball 1-0: Fly out, F1 (Popup, 25F)
|
Batting: LHB Mathew Rose
|
0-0: Called Strike 0-1: Ball 1-1: Called Strike 1-2: Grounds out, U3 (Groundball, 3L) Daniel Molina to third
|
Batting: RHB Juan Martínez
|
0-0: Called Strike 0-1: Ball 1-1: Foul Ball, location: 2F 1-2: Ball 2-2: Ball 3-2: Base on Balls
|
Batting: RHB Orlando López
|
0-0: Ball 1-0: Ball Wild Pitch! Daniel Molina scores Bill Stewart to third Juan Martínez to second 2-0: Foul Ball, location: 2F 2-1: Foul Ball, location: 2F 2-2: Ball 3-2: Fly out, F4 (Popup, 4D)
|
Top of the 5th over - 1 run(s), 1 hit(s), 1 error(s), 2 left on base; Alloway 3 - Salt Lake City 0 |
BOTTOM OF THE 5TH |
Salt Lake City Buzz batting - Pitching for Alloway Halberds : RHP José Alfonzo
|
Batting: RHB Jim Coffey
|
0-0: Foul Ball, location: 2F 0-1: Fly out, F7 (Flyball, 7D)
|
Batting: RHB Patrick Clark
|
0-0: Ball 1-0: Ground out 6-3 (Groundball, 6M)
|
Batting: SHB Shelby Reusch
|
0-0: Called Strike 0-1: Ball 1-1: Called Strike 1-2: Ball 2-2: Ball 3-2: Foul Ball, location: 2F 3-2: Base on Balls
|
Batting: RHB Roberto Ríos
|
0-0: Called Strike 0-1: Ball 1-1: Ball 2-1: Fly out, F9 (Flyball, 9LM)
|
Bottom of the 5th over - 0 run(s), 0 hit(s), 0 error(s), 1 left on base; Alloway 3 - Salt Lake City 0 |
TOP OF THE 6TH |
Alloway Halberds batting - Pitching for Salt Lake City Buzz : RHP Don Cunningham
|
Batting: RHB Mark Davis
|
0-0: Ball 1-0: Called Strike 1-1: Called Strike 1-2: Ball 2-2: Strikes out swinging
|
Batting: LHB Kenji Takahashi
|
0-0: Ball 1-0: Ball 2-0: SINGLE (Line Drive, 78S)
|
Batting: RHB Mike Davis
|
0-0: Foul Ball, location: 2F 0-1: Foul Ball, location: 2F 0-2: Foul Ball, location: 2F 0-2: Ball 1-2: Ground out 5-3 (Groundball, 56S) Kenji Takahashi to second
|
Batting: RHB Daniel Molina
|
0-0: Ball 1-0: Swinging Strike 1-1: Ground out 6-3 (Groundball, 6)
|
Top of the 6th over - 0 run(s), 1 hit(s), 0 error(s), 1 left on base; Alloway 3 - Salt Lake City 0 |
BOTTOM OF THE 6TH |
Salt Lake City Buzz batting - Pitching for Alloway Halberds : RHP José Alfonzo
|
Batting: RHB Clint Anthony
|
0-0: Foul Ball, location: 2F 0-1: Ground out 6-3 (Groundball, 6M)
|
Batting: SHB Raymond Bright
|
0-0: Ball 1-0: Ground out 3-1 (Groundball, 34S)
|
Batting: LHB Martín Núñes
|
0-0: Called Strike 0-1: SINGLE (Line Drive, 9S)
|
Pitching: RHP Gene Anderson
|
|
Batting: SHB Wayne Saunders
|
0-0: Called Strike 0-1: SINGLE (Groundball, 34S) Martín Núñes to second Runner from 2nd tries for 3rd, SAFE, throw made to third
|
Batting: RHB Don MacNeilage
|
0-0: Called Strike 0-1: Ball 1-1: Foul Ball, location: 2F 1-2: Strikes out looking
|
Bottom of the 6th over - 0 run(s), 2 hit(s), 0 error(s), 2 left on base; Alloway 3 - Salt Lake City 0 |
TOP OF THE 7TH |
Alloway Halberds batting - Pitching for Salt Lake City Buzz : RHP Don Cunningham
|
Batting: RHB Bill Stewart
|
0-0: Ball 1-0: SINGLE (Line Drive, 8RS)
|
Batting: RHB Jonathan Cundall
|
0-0: Swinging Strike 0-1: Ball 1-1: Foul Ball, location: 2F 1-2: Ball 2-2: Foul Ball, location: 2F 2-2: Foul Ball, location: 2F 2-2: Ball 3-2: Grounds into double play, 1-6-3 (Groundball, 15)
|
Batting: LHB Mathew Rose
|
0-0: Called Strike 0-1: Fly out, F8 (Flyball, 8LD)
|
Top of the 7th over - 0 run(s), 1 hit(s), 0 error(s), 0 left on base; Alloway 3 - Salt Lake City 0 |
BOTTOM OF THE 7TH |
Salt Lake City Buzz batting - Pitching for Alloway Halberds : RHP Gene Anderson
|
Batting: RHB Jim Coffey
|
0-0: DOUBLE (Line Drive, 89M)
|
Batting: RHB Patrick Clark
|
0-0: Called Strike 0-1: Ball 1-1: Ball 2-1: Ball 3-1: Foul Ball, location: 2F 3-2: Base on Balls
|
Batting: SHB Shelby Reusch
|
0-0: Ball 1-0: Ball 2-0: Called Strike 2-1: Bunted foul 2-2: Fielders Choice at 2nd, 6-4 (Groundball, 6M) Jim Coffey to third
|
Batting: RHB Roberto Ríos
|
0-0: Swinging Strike 0-1: Ball 1-1: Ball 2-1: Fly out, F8 (Flyball, 8RM) Runner from 3rd tags up, SCORES, throw made
|
Pitching: RHP Manuel Reyes
|
|
Batting: RHB Clint Anthony
|
0-0: Called Strike Shelby Reusch steals 2nd base 0-1: Foul Ball, location: 2F 0-2: Ground out 5-3 (Groundball, 5)
|
Bottom of the 7th over - 1 run(s), 1 hit(s), 0 error(s), 1 left on base; Alloway 3 - Salt Lake City 1 |
TOP OF THE 8TH |
Alloway Halberds batting - Pitching for Salt Lake City Buzz : RHP Don Cunningham
|
Batting: RHB Juan Martínez
|
0-0: Ground out 5-3 (Groundball, 5)
|
Pitching: RHP Barry Jones
|
|
Batting: RHB Orlando López
|
0-0: Foul Ball, location: 2F 0-1: Foul Ball, location: 2F 0-2: Foul Ball, location: 2F 0-2: Foul Ball, location: 2F 0-2: Ball 1-2: Strikes out swinging
|
Batting: RHB Mark Davis
|
0-0: Called Strike 0-1: Ball 1-1: Foul Ball, location: 2F 1-2: Strikes out swinging
|
Top of the 8th over - 0 run(s), 0 hit(s), 0 error(s), 0 left on base; Alloway 3 - Salt Lake City 1 |
BOTTOM OF THE 8TH |
Salt Lake City Buzz batting - Pitching for Alloway Halberds : RHP Manuel Reyes
|
Batting: SHB Raymond Bright
|
0-0: Fly out, F9 (Flyball, 9M)
|
Batting: LHB Martín Núñes
|
0-0: Ball 1-0: SOLO HOME RUN (Flyball, 9D), Distance : 389 ft
|
Pitching: RHP Darwin von Loen
|
|
Batting: SHB Wayne Saunders
|
0-0: SINGLE (Flyball, 7LS)
|
Pinch Hitting: LHB Fernando González
|
0-0: Ball 1-0: Ball 2-0: Called Strike 2-1: Ball 3-1: Called Strike 3-2: Ground out U3 (Groundball, 3S) Wayne Saunders to second
|
Batting: RHB Jim Coffey
|
0-0: Ball 1-0: SINGLE (Groundball, 15) (infield hit) Wayne Saunders to third
|
Batting: RHB Patrick Clark
|
0-0: Swinging Strike 0-1: Ball 1-1: Ball 2-1: Ground out 6-3 (Groundball, 6)
|
Bottom of the 8th over - 1 run(s), 3 hit(s), 0 error(s), 2 left on base; Alloway 3 - Salt Lake City 2 |
TOP OF THE 9TH |
Alloway Halberds batting - Pitching for Salt Lake City Buzz : RHP Barry Jones
|
Now at 3B: Ugo Brandini
|
|
Batting: LHB Kenji Takahashi
|
0-0: Ball 1-0: Ground out 4-3 (Groundball, 4)
|
Batting: RHB Mike Davis
|
0-0: SINGLE (Line Drive, 8LS)
|
Pinch Hitting: LHB Luis Gutiérrez
|
0-0: Ball 1-0: Foul Ball, location: 2F 1-1: Ball 2-1: Ball 3-1: Foul Ball, location: 2F 3-2: Foul Ball, location: 2F 3-2: Fly out, F8 (Flyball, 8LS)
|
Pinch Hitting: LHB Francisco Rivas
|
0-0: Ball 1-0: Ground out 4-3 (Groundball, 4)
|
Top of the 9th over - 0 run(s), 1 hit(s), 0 error(s), 1 left on base; Alloway 3 - Salt Lake City 2 |
BOTTOM OF THE 9TH |
Salt Lake City Buzz batting - Pitching for Alloway Halberds : RHP Darwin von Loen
|
Pitching: RHP Jim Unknown
|
|
Now at 2B: Neil Ladner
|
|
Now at 3B: Luis Gutiérrez
|
|
Pinch Hitting: RHB Ichiyo Fujii
|
0-0: SINGLE (Line Drive, 89S)
|
Batting: RHB Roberto Ríos
|
0-0: Ball 1-0: Bunted foul 1-1: Bunt missed! 1-2: Ground out 5-3 (Groundball, 5L) Ichiyo Fujii to second
|
Batting: RHB Clint Anthony
|
0-0: Ball 1-0: Called Strike 1-1: Ball 2-1: Fly out, F5 (Popup, 13)
|
Batting: SHB Raymond Bright
|
0-0: Called Strike 0-1: Ball 1-1: Swinging Strike 1-2: Foul Ball, location: 2F 1-2: Foul Ball, location: 2F 1-2: Strikes out looking
|
Bottom of the 9th over - 0 run(s), 1 hit(s), 0 error(s), 1 left on base; Alloway 3 - Salt Lake City 2 |
|